 Dungeon Crawl Stone Soup version 0.31.0 (webtiles) character file.

Game seed: 6107436049898318337

67 dexterity1 the Firebug (level 4, 0/30 HPs)
             Began as a Demonspawn Fire Elementalist on Jan 18, 2024.
             Slain by a goblin
             ... wielding a +0 club
             ... led by Robin
              (5 damage)
             ... on level 1 of the Dungeon on Jan 19, 2024.
             The game lasted 00:38:33 (1844 turns).

dexterity1 the Firebug (DsFE)                       Turns: 1844, Time: 00:38:34

Health: 0/30       AC:  3    Str:  8    XL:     4   Next: 0%
Magic:  7/7        EV: 12    Int: 18    God:
Gold:   65         SH:  0    Dex: 13    Spells: 7/8 levels left

rFire   . . .        l - +2 short sword (flame)
rCold   . . .        (no shield)
rNeg    . . .        a - +1 robe
rPois   .            (helmet restricted)
rElec   .            (no cloak)
rCorr   .            (no gloves)
SInv    .            (no boots)
Will    .....        n - amulet of the acrobat
Stlth   ++           (no ring)
HPRegen 0.25/turn    (no ring)
MPRegen 0.10/turn

%: acrobat
@: no status effects
A: horns 1, demonic magic 1
a: no special abilities


You were on level 1 of the Dungeon.
You visited 1 branch of the dungeon, and saw 3 of its levels.

You collected 65 gold pieces.

Inventory:

Hand Weapons
 c - a +0 short sword
 f - a +0 vampiric mace
 i - a +0 dagger
 j - a +0 whip
 l - a +2 short sword of flaming (weapon)
 m - a +0 short sword
 p - a +0 club
 q - a +0 club
 s - a +0 sling
 v - a +0 dagger
 x - a +0 whip
Missiles
 k - 24 stones
 y - 4 poisoned darts
Armour
 a - a +1 robe (worn)
 d - a +0 ring mail
 e - a +2 leather armour of willpower
 g - a +0 ring mail
 r - a +0 scale mail
 t - a +0 robe
Jewellery
 n - an amulet of the acrobat (around neck)
 w - a ring of see invisible
Scrolls
 u - a scroll of silence
Potions
 b - a potion of magic
 h - a potion of haste {unknown}
 o - a potion of brilliance {unknown}


   Skills:
 + Level 0.1 Short Blades
 + Level 0.4 Maces & Flails
 + Level 2.3 Dodging
 + Level 1.8 Stealth
 + Level 2.6 Spellcasting
 + Level 1.3 Conjurations
 + Level 3.4 Fire Magic


You had 7 spell levels left.
You knew the following spells:

 Your Spells              Type           Power      Damage    Failure   Level
a - Foxfire               Conj/Fire      40%        2x1d6     6%          1

Your spell library contained the following spells:

 Spells                   Type           Power      Damage    Failure   Level
 Scorch                   Fire           28%        2d6       6%          2
 Ensorcelled Hibernation  Hex/Ice        4%         N/A       26%         2
 Inner Flame              Hex/Fire       8%         N/A       26%         3
 Volatile Blastmotes      Fire/Tloc      16%        2d11      26%         3
 Fugue of the Fallen      Necr           2%         N/A       45%         3
 Summon Ice Beast         Ice/Summ       2%         N/A       45%         3
 Flame Wave               Conj/Fire      10%        2d6       54%         4
 Anguish                  Hex/Necr       1%         N/A       86%         4
 Summon Mana Viper        Hex/Summ       2%         N/A       99%         5
 Monstrous Menagerie      Summ           1%         N/A       100%        7


Dungeon Overview and Level Annotations

Branches:
Dungeon (3/15)

Altars:

Annotations:
D:1 Robin


Innate Abilities, Weirdness & Mutations

You have a pair of small horns on your head.
Spells you cast may paralyse adjacent enemies.


Message History

You climb upwards.
There is a stone staircase leading down here.
Okay, then.
HP restored.
The adder misses you. The hobgoblin closely misses you.
Robin roars a battlecry!
The goblins go into a battle-frenzy!
The goblin hits you but does no damage. The adder barely misses you.
You climb downwards.
The goblin barely misses you. The goblin hits you with a +0 dagger.
The hobgoblin hits you but does no damage.
The goblin barely misses you.
There is a stone staircase leading up here.
You can't go down here!
You can't go down here!
The hobgoblin hits you. The goblin hits you with a +0 club.
The goblin hits you but does no damage. The goblin misses you.
The adder barely misses you. The goblin hits you with a +0 club.
You climb upwards.
Level annotation: Robin The goblin hits you with a +0 dagger.
Robin roars a battlecry!
The goblins go into a battle-frenzy!
There is a stone staircase leading down here.
Casting: Foxfire (safe; 6% risk of failure)
Press: ? - help, Q - select action, (/) - cycle Dir - look around, f - activate
There is not enough space to conjure foxfire!
You are a level 4 Demonspawn Fire Elementalist.
You are 0% of the way to level 5.
Play time: 00:38:15 (1842 turns).
Zot will find you in 16147 turns if you stay in this branch and explore no new floors.
Okay, then.
You miss the goblin. The goblin hits you but does no damage.
The goblin barely misses you. The goblin hits you with a +0 club.
You closely miss the goblin. The goblin barely misses you.
The goblin hits you but does no damage. The goblin hits you with a +0 club.
* * * LOW HITPOINT WARNING * * *
You barely miss the goblin. You headbutt the goblin.
The goblin is moderately wounded.
The goblin hits you but does no damage. The goblin misses you.
The goblin hits you with a +0 club.
You die...

###################
###############.................#
................###############.#
##############..## #.# #
############.g## #.#
##########.###.gS############ #.#
....#####.#.##.#gg..........# #.#
#...####.###...#@gg..######.# #.#
##.##..#..#..#####.#......#.# #.#
.#..#.####.#...#...######.#.# #.#
.##.#..###.###.#..## #.#.# #.#
..#.##.###.###....# #.#.# #.#
#......###.###..#.# #####.#.# #.#
########...###..#.# #.......# #.#
#...#..#........#.# #.###.### #.#
....#.##.####...#.# #.##.#.## #.#


You could see Robin, an adder, a hobgoblin (strong) and 4 goblins.

Vanquished Creatures
  An adder (D:2)
  2 dart slugs
  3 ribbon worms
  An orc (D:3)
  5 bats (D:1)
  9 endoplasms
  2 giant cockroaches
  2 goblins (D:1)
  3 hobgoblins
  A quokka (D:1)
  3 ball pythons
  3 frilled lizards (D:1)
  5 kobolds
  3 rats
43 creatures vanquished.

Vanquished Creatures (others)
  82 foxfires
82 creatures vanquished.

Grand Total: 125 creatures vanquished

Notes
Turn   | Place    | Note
-------+----------+-------------------------------------------
     0 | D:1      | dexterity1 the Demonspawn Fire Elementalist began the quest
                  | for the Orb.
     0 | D:1      | Reached XP level 1. HP: 13/13 MP: 3/3
   229 | D:1      | Reached skill level 3 in Fire Magic
   295 | D:1      | Gained mutation: You have a pair of small horns on your
                  | head. [demonic ancestry]
   295 | D:1      | Reached XP level 2. HP: 19/19 MP: 0/5
   350 | D:1      | You fall into a shaft and drop 1 floor!
   683 | D:3      | Gained mutation: Spells you cast may paralyse adjacent
                  | enemies. [demonic ancestry]
   683 | D:3      | Reached XP level 3. HP: 24/24 MP: 1/6
   734 | D:3      | Noticed a black bear
  1428 | D:1      | Upgraded the game from 0.31-b1-22-gc680215f68 to 0.31.0
  1655 | D:1      | Reached XP level 4. HP: 30/30 MP: 3/7
  1835 | D:2      | Noticed Robin
  1844 | D:1      | Slain by a goblin

Illustrated notes

Levels and vault maps discovered:
D:1:      psy_arrival_radial01, layout_loops_ring, hangedman_feature_mirror
D:2:      layout_rooms, uniq_natasha, uniq_robin
D:3:      layout_basic, mainiacjoe_overflow_24_doors

Skill      XL: |  1  2 |
---------------+-------+-----
Fire Magic     | 3 |  3.4
Dodging        | 2 |  2.3
Short Blades   | |  0.1
Maces & Flails | |  0.4
Stealth        | |  1.8
Spellcasting   | |  2.6
Conjurations   | |  1.3

Action                     |  1- 3 |  4- 6 || total
---------------------------+-------+-------++-------
  Melee: Mace              |    23 |       ||    23
         Headbutt          |     6 |     1 ||     7
         Short sword       |    19 |     3 ||    22
   Cast: Foxfire           |    58 |       ||    58
    Use: Scroll            |    10 |       ||    10
 Armour: Robe              |    40 |    17 ||    57
  Dodge: Dodged            |   168 |    12 ||   180
